 Dungeon Crawl Stone Soup version 0.28-a0-883-gc8d7bad45d (webtiles) character file.

Game seed: 512940767896555815

359 mcbry74 the Skirmisher (level 6, -1/57 HPs)
             Began as a Hill Orc Fighter on Nov 21, 2021.
             Was a Believer of Nemelex Xobeh.
             Slain by a gnoll (5 damage)
             ... in the Ecumenical Temple.
             The game lasted 00:11:10 (3451 turns).

mcbry74 the Skirmisher (Hill Orc Fighter)           Turns: 3451, Time: 00:11:10

Health: -1/57      AC:  8    Str: 19    XL:     6   Next: 65%
Magic:  8/8        EV:  9    Int: 10    God:    Nemelex Xobeh [**....]
Gold:   96         SH:  4    Dex: 10    Spells: 5/5 levels left

rFire   . . .      SeeInvis .   a - +0 war axe
rCold   . . .      Faith    .   c - +0 buckler
rNeg    . . .      Spirit   .   b - +0 scale mail
rPois   .          Reflect  .   s - +0 helmet
rElec   .          Harm     .   (no cloak)
rCorr   .          Rampage  .   (no gloves)
Will    .....                   (no boots)
Stlth   ..........              (no amulet)
HPRegen 0.19/turn               (no ring)
MPRegen 0.11/turn               (no ring)

@: no status effects
A: no striking features
a: Renounce Religion, Draw Escape, Draw Destruction, Draw Summoning


You were in the Ecumenical Temple.
You worshipped Nemelex Xobeh.
Nemelex Xobeh was pleased with you.
You visited 2 branches of the dungeon, and saw 5 of its levels.

You collected 96 gold pieces.

Inventory:

Hand Weapons
 a - a +0 war axe (weapon)
 p - a +0 dagger of holy wrath
 q - a +0 war axe
Missiles
 n - 29 poisoned darts (quivered)
Armour
 b - a +0 scale mail (worn)
 c - a +0 buckler (worn)
 s - a +0 helmet (worn)
Jewellery
 r - a ring of fire
Scrolls
 e - a scroll of enchant armour {unknown}
 f - a scroll of fog {unknown}
 h - a scroll of torment {unknown}
 i - 3 scrolls of identify {unknown}
 j - a scroll of fear {unknown}
Potions
 d - 2 potions of might
 g - a potion of resistance {unknown}
 k - a potion of cancellation {unknown}
 l - a potion of lignification {unknown}
 m - a potion of haste
 o - 2 potions of berserk rage {unknown}


   Skills:
 - Level 6.1 Fighting
 * Level 6.0 Axes
 - Level 3.2 Armour
 - Level 3.2 Shields
 + Level 3.5 Invocations


You had 5 spell levels left.
You didn't know any spells.
Your spell library contained the following spells:

 Spells                   Type           Power      Damage    Failure   Level
 Conjure Flame            Conj/Fire      0%         6-21      98%         3
 Ignite Poison            Fire/Tmut/Pois 0%         N/A       98%         3
 Sticky Flame             Conj/Fire      0%         2d3       100%        4


Dungeon Overview and Level Annotations

Branches:
Dungeon (4/15)             Temple (1/1) D:4

Altars:
Ashenzari
Fedhas
Nemelex Xobeh
Wu Jian

Shops:
D:1 (   D:3 (


Message History

The electrical discharge engulfs the plant!
The plant is lightly damaged.
You hear mighty peals of thunder!
You hear a shout!
A nearby plant withers and dies.
The gnoll closely misses you.
You hit the gnoll.
The gnoll is lightly wounded.
The gnoll closely misses you. The gnoll barely misses you. The hound bites you.
A gnoll comes into view. It is wielding a +0 flail.
The gnoll hits you but does no damage. x2
The gnoll hits you but does no damage. The gnoll hits you with a +0 flail.
* * * LOW HITPOINT WARNING * * *
There is a staircase to the Ecumenical Temple here.
You can't go up here!
The gnoll hits you with a +0 flail.
* * * LOW HITPOINT WARNING * * *
The hound closely misses you. The gnoll hits you with a +0 flail.
* * * LOW HITPOINT WARNING * * *
The hound closely misses you. The hound bites you but does no damage.
You climb downwards.
Welcome to the Ecumenical Temple!
Found a blossoming altar of Fedhas.
There is a staircase back to the Dungeon here.
You draw a card...
You have drawn Velocity.
The gnoll seems to slow down.
The hound seems to slow down.
The gnoll closely misses you. The hound bites you but does no damage.
The gnoll hits you with a +0 flail.
* * * LOW HITPOINT WARNING * * *
The hound bites you but does no damage.
Found a broken altar of Ashenzari and an ornate altar of the Wu Jian Council.
You hit the gnoll.
The gnoll is heavily wounded.
The gnoll hits you with a +0 flail.
* * * LOW HITPOINT WARNING * * *
You hit the gnoll but do no damage.
The gnoll is heavily wounded.
The gnoll hits you with a +0 flail.
You die...
Your body glows slightly and disappears.

.. ..# ≈≈≈≈≈## ...
..# ≈≈≈≈≈..## ..
.... ≈≈≈≈≈....##.
...
≈≈≈≈≈...#..##.. _
≈≈≈≈≈≈..#....##...
≈≈≈≈≈≈...#.....##.
≈≈≈≈≈....#@.._...#
≈≈≈≈≈..<.g#.......
≈≈≈≈≈.....#.##....
≈≈≈≈≈##....#. #..
≈≈≈≈ ..##..#.. #
≈≈≈ ≈.. .##.#..
≈≈≈≈≈.. . .#... ≈
≈≈≈≈. . ..#.._
≈≈≈.... .#


You could see a gnoll (fast, slow).

Vanquished Creatures
  A black bear (D:3)
  A scorpion (D:3)
  A gnoll shaman (D:4)
  Jessica (D:2)
  A gnoll (D:4)
  A river rat (D:2)
  5 adders
  2 worms
  3 dart slugs
  3 orcs (D:3)
  11 endoplasms
  2 giant cockroaches
  7 goblins
  4 hobgoblins
  6 jackals (D:3)
  3 quokkas
  7 ball pythons
  4 bats
  3 frilled lizards
  5 kobolds
  12 rats
83 creatures vanquished.

Vanquished Creatures (others)
  18 plants (D:4)
18 creatures vanquished.

Grand Total: 101 creatures vanquished

Notes
Turn   | Place    | Note
-------+----------+-------------------------------------------
     0 | D:1      | mcbry74 the Hill Orc Fighter began the quest for the Orb.
     0 | D:1      | Reached XP level 1. HP: 19/19 MP: 1/1
    48 | D:1      | Found Dajecwue's Weapon Shoppe.
   231 | D:1      | Reached XP level 2. HP: 27/27 MP: 2/2
   434 | D:1      | Found a faded altar of an unknown god.
   444 | D:1      | Prayed at the altar of an unknown god.
   444 | D:1      | Became a worshipper of Nemelex Xobeh the Trickster
   444 | D:1      | Reached * piety under Nemelex Xobeh
   842 | D:1      | Reached XP level 3. HP: 35/35 MP: 3/3
   844 | D:1      | Reached skill level 5 in Fighting
  1126 | D:1      | Received a gift from Nemelex Xobeh
  1397 | D:2      | Reached ** piety under Nemelex Xobeh
  1533 | D:2      | Noticed Jessica
  1539 | D:2      | Killed Jessica
  1540 | D:2      | Reached XP level 4. HP: 39/44 MP: 4/4
  1683 | D:2      | Noticed Sigmund
  1691 | D:2      | Noticed Sigmund
  1691 | D:2      | Sigmund changed into Sigmund the river rat
  1692 | D:2      | Killed Sigmund the river rat
  2119 | D:3      | Found Emythic's Weapon Emporium.
  2221 | D:3      | Received a gift from Nemelex Xobeh
  2270 | D:3      | Reached skill level 1 in Invocations
  2351 | D:3      | Reached XP level 5. HP: 50/50 MP: 5/5
  2464 | D:3      | Noticed a black bear
  2467 | D:3      | Killed a black bear
  2581 | D:3      | Reached skill level 5 in Axes
  2581 | D:3      | Reached XP level 6. HP: 50/57 MP: 6/8
  3403 | D:4      | Found a staircase to the Ecumenical Temple.
  3445 | Temple   | Entered the Ecumenical Temple
  3451 | Temple   | Slain by a gnoll

Illustrated notes

Levels and vault maps discovered:
D:1:      dpeg_arrival_another_circle, layout_basic, serial_shops,
          nicolae_shop_waterfront, ebering_ecumenical_altar_mist
D:2:      layout_basic, hex_tiny, uniq_jessica, uniq_sigmund
D:3:      layout_loops_corners, serial_shops, shop_statue
D:4:      layout_cave_pools, temple_fountains, nicolae_grassy_gnolls
Temple:   regret_index_temple_sigil_plot

Skill      XL: |  1  2  3  4  5  6 |
---------------+-------------------+-----
Fighting       | 4 5 6 |  6.1
Axes           | 3 5 6 |  6.0
Invocations    | 1 2 3 |  3.5
Armour         | |  3.2
Shields        | |  3.2

Action                   |  1- 3 |  4- 6 || total
-------------------------+-------+-------++-------
Melee: War axe           |    72 |   138 ||   210
Invok: Draw Destruction  |       |     5 ||     5
       Draw Escape       |       |     1 ||     1
Armor: Scale mail        |    14 |    68 ||    82
Dodge: Dodged            |    24 |    64 ||    88
Block: Buckler           |    10 |    30 ||    40

Table legend: (Time is in decaauts)
 A = Elapsed time spent in this place.
 B = Non-inter-level travel time spent in this place.
 C = Inter-level travel time spent in this place.
 D = Time resting spent in this place.
 E = Time spent auto-exploring this place.
 F = Levels seen in this place.
 G = Mean time per level.
                   A        B        C        D        E       F      G
               +--------+--------+--------+--------+--------+-----+--------+
         Total |   3521 |   3478 |     43 |    294 |   2544 |   5 |  704.2 |
       Dungeon |   3515 |   3472 |     43 |    294 |   2544 |   4 |  878.8 |
        Temple |      5 |      5 |      0 |      0 |      0 |   1 |    5.0 |
               +--------+--------+--------+--------+--------+-----+--------+

Top non-repeatable levels by time:
     D:1: 1352 daAuts
     D:3: 1294 daAuts
     D:2: 734 daAuts
     D:4: 134 daAuts
  Temple: 5 daAuts
